 Dungeon Crawl Stone Soup version 0.31-a0-441-g867994ef1c (webtiles) character file.

Game seed: 12783691091122399895

288 LeprechaunX the Ruffian (level 6, -4/41 HPs)
             Began as an Octopode Shapeshifter on Aug 2, 2023.
             Killed from afar by an orc wizard (9 damage)
             ... with a magic dart
             ... on level 5 of the Dungeon.
             The game lasted 00:03:39 (2473 turns).

LeprechaunX the Ruffian (Octopode Shapeshifter)     Turns: 2473, Time: 00:03:39

Health: -4/41      AC:  1    Str: 17    XL:     6   Next: 31%
Magic:  6/6        EV: 13    Int: 10    God:
Gold:   181        SH:  0    Dex: 12    Spells: 5/5 levels left

rFire   + .          .
                       - Unarmed
rCold   + . .        (no shield)
rNeg    . . .        (helmet currently unavailable)
rPois   .            (no amulet)
rElec   .            c - ring of protection from fire
rCorr   .            r - ring of protection from cold
SInv    .            (no ring)
Will    .....        (no ring)
Stlth   ++           (no ring)
HPRegen 0.26/turn    (no ring)
MPRegen 0.10/turn    (no ring)
                     (no ring)

%: no passive effects
@: confused, beast-form
A: beast (slay +2), almost no armour, amphibious, 8 rings, camouflage 1,
gelatinous body 1, (nimble swimmer 1), tentacles
a: Begin Untransformation


You were on level 5 of the Dungeon.
You were a hulking beast.
You visited 1 branch of the dungeon, and saw 5 of its levels.

You collected 181 gold pieces.

Inventory:

Missiles
 x - 3 curare-tipped darts (quivered)
Jewellery
 c - a ring of protection from fire (left tentacle)
 r - a ring of protection from cold (right tentacle)
Talismans
 b - a beast talisman (active)
 t - a serpent talisman
Wands
 n - a wand of charming (6)
Scrolls
 d - 4 scrolls of teleportation {unknown}
 f - a scroll of brand weapon {unknown}
 g - a scroll of vulnerability {unknown}
 h - 3 scrolls of enchant weapon {unknown}
 j - 4 scrolls of immolation {unknown}
 l - 2 scrolls of identify {unknown}
 p - a scroll of fog {unknown}
 q - a scroll of blinking {unknown}
 s - a scroll of fear {unknown}
 v - a scroll of acquirement {unknown}
Potions
 e - 2 potions of mutation {unknown}
 i - 2 potions of experience {unknown}
 k - 2 potions of haste {unknown}
 m - 2 potions of enlightenment {unknown}
 o - a potion of magic {unknown}
 u - 3 potions of cancellation {unknown}
 w - a potion of berserk rage {unknown}


   Skills:
 + Level 2.7 Fighting
 + Level 3.1 Dodging
 * Level 4.7 Unarmed Combat
 * Level 4.0 Shapeshifting


You had 5 spell levels left.
You didn't know any spells.
Your spell library contained the following spells:

 Spells                   Type           Power      Damage    Failure   Level
 Lesser Beckoning         Tloc           0%         N/A       50%         2
 Frozen Ramparts          Ice            0%         1d1       75%         3
 Gell's Gravitas          Tloc           0%         N/A       75%         3
 Teleport Other           Tloc           0%         N/A       75%         3
 Petrify                  Tmut/Erth      0%         N/A       98%         4
 Alistair's Intoxication  Tmut/Pois      0%         N/A       100%        5
 Borgnjor's Vile Clutch   Necr/Erth      0%         N/A       100%        5
 Metabolic Englaciation   Hex/Ice        0%         N/A       100%        5
 Eringya's Noxious Bog    Tmut/Pois      0%         4d6       100%        6
 Malign Gateway           Summ/Tloc      0%         N/A       100%        7
 Summon Horrible Things   Summ           0%         N/A       100%        8


Dungeon Overview and Level Annotations

Branches:
Dungeon (5/15)             Temple (0/1) D:4

Altars:
Qazlal


Innate Abilities, Weirdness & Mutations

You are a hulking beast.
Your limbs bulge with bestial killing power. (Slay +2)
You cannot wear most types of armour.
You are amphibious.
You can wear up to eight rings at the same time.
Your skin changes colour to match your surroundings (Stealth+).
Your rubbery body absorbs attacks. (AC +1, EV +1)
((You are camouflaged when in or above water. (Stealth+)))
You have tentacles for arms and can constrict up to eight enemies at once.


Message History

You swing at nothing.
The orc wizard gestures at you while chanting.
You are confused.
You're too confused to move!
You're too confused to attack without stumbling around!
The orc wizard points at you and mumbles some strange words.
You resist with some effort.
You bump into the rock wall.
The orc wizard mumbles some strange words.
The orc wizard flickers and vanishes!
Deactivating autopickup; reactivate with Ctrl-A.
You miss something.
Your tentacle-slap misses something.
Your squeeze misses something. Something barely misses you.
You bump into the rock wall.
You feel less confused. Something hits you.
You barely miss something. You tentacle-slap something.
Your tentacle-slap misses something.
You hear some strange, mumbled words.
Something tries to affect you, but you resist.
You tentacle-slap something but do no damage.
Something hits you.
* * * LOW HITPOINT WARNING * * *
You barely miss something.
You hear some strange, mumbled words.
You are confused.
You bump into the rock wall.
Something hits you.
* * * LOW HITPOINT WARNING * * *
Something hits you.
* * * LOW HITPOINT WARNING * * *
You bump into the rock wall.
You hear some strange, mumbled words.
A puff of flame appears from out of thin air!
The puff of flame hits you. You resist.
* * * LOW HITPOINT WARNING * * *
You bump into the rock wall.
You hear some strange, mumbled words.
A magic dart appears from out of thin air!
The magic dart hits you!
You die...

#(#....
....#o
#.#.. #o..#
#...# ###
#...# #<#
#?..#
#.###...#.#
#h{.).....#
#####...#.#
#...###
#####


There were no monsters in sight!

Vanquished Creatures
  A phantom (D:4)
  An orc priest (D:5)
  2 orc wizards (D:5)
  4 adders
  2 worms (D:2)
  3 dart slugs
  7 orcs
  8 ball pythons
  8 endoplasms
  5 goblins
  11 hobgoblins
  2 jackals (D:1)
  6 kobolds
  2 quokkas
  7 bats
  5 frilled lizards
  5 rats (D:2)
79 creatures vanquished.

Notes
Turn   | Place    | Note
-------+----------+-------------------------------------------
     0 | D:1      | LeprechaunX the Octopode Shapeshifter began the quest for
                  | the Orb.
     0 | D:1      | Reached XP level 1. HP: 13/13 MP: 1/1
   102 | D:1      | Reached XP level 2. HP: 18/18 MP: 2/2
   313 | D:1      | Reached XP level 3. HP: 22/23 MP: 3/3
   709 | D:1      | Found a faded altar of an unknown god.
  1046 | D:2      | Reached XP level 4. HP: 29/29 MP: 4/4
  1298 | D:2      | You fall into a shaft and drop 1 floor!
  2132 | D:4      | Noticed a phantom
  2133 | D:4      | Found a stormy altar of Qazlal.
  2150 | D:4      | HP: 1/43 [phantom (5)]
  2152 | D:4      | Killed a phantom
  2153 | D:4      | Reached XP level 5. HP: 2/35 MP: 5/5
  2157 | D:4      | HP: 2/52 [adder (1)]
  2167 | D:4      | HP: 2/52 [adder (2)]
  2327 | D:4      | Found a staircase to the Ecumenical Temple.
  2425 | D:5      | Entered Level 5 of the Dungeon
  2447 | D:5      | Reached XP level 6. HP: 35/41 MP: 6/6
  2473 | D:5      | Killed from afar by an orc wizard

Illustrated notes

Levels and vault maps discovered:
D:1:      psy_arrival_basics, layout_basic,
          ebering_ecumenical_altar_sacrificial, minmay_misc_feat_tower
D:2:      kennysheep_six_static_rooms, layout_rooms
D:3:      layout_basic, feat_on_display
D:4:      layout_gridville, mainiacjoe_overflow_chevrons,
          minmay_temple_entry_from_below_a, uniq_menkaure
D:5:      layout_basic, jmf_multi_god_temple, cheibrodos_gnoll_hut

Skill      XL: |  1  2  3  4  5  6 |
---------------+-------------------+-----
Fighting       | 2 |  2.7
Unarmed Combat | 4 |  4.7
Dodging        | 3 |  3.1
Shapeshifting  | 4 |  4.0

Action                     |  1- 3 |  4- 6 || total
---------------------------+-------+-------++-------
  Melee: Unarmed           |    65 |   103 ||   168
         Constrict         |    12 |    19 ||    31
         Punch             |     1 |       ||     1
         Tentacles         |    11 |    14 ||    25
  Throw: Dart              |       |     6 ||     6
    Use: Potion            |       |     1 ||     1
   Stab: Sleeping          |     4 |     8 ||    12
 Armour: Skin              |     6 |    17 ||    23
  Dodge: Dodged            |    30 |    33 ||    63

Table legend: (Time is in decaauts)
 A = Elapsed time spent in this place.
 B = Non-inter-level travel time spent in this place.
 C = Inter-level travel time spent in this place.
 D = Time resting spent in this place.
 E = Time spent auto-exploring this place.
 F = Levels seen in this place.
 G = Mean time per level.
                   A        B        C        D        E       F      G
               +--------+--------+--------+--------+--------+-----+--------+
         Total |   2458 |   2380 |     78 |     88 |   1814 |   5 |  491.6 |
       Dungeon |   2458 |   2380 |     78 |     88 |   1814 |   5 |  491.6 |
               +--------+--------+--------+--------+--------+-----+--------+

Top non-repeatable levels by time:
     D:1: 824 daAuts
     D:3: 809 daAuts
     D:2: 467 daAuts
     D:4: 311 daAuts
     D:5: 46 daAuts
